 Dungeon Crawl Stone Soup version 0.31.0-11-ge490571c62 (webtiles) character file.

Game seed: 11316348009236575226

112 qw the Shooter (level 4, -1/22 HPs)
             Began as a Spriggan Hunter on Feb 3, 2024.
             Slain by a gnoll
             ... wielding a +0 spear
              (6 damage)
             ... on level 3 of the Dungeon.
             The game lasted 00:00:05 (1703 turns).

qw the Shooter (Spriggan Hunter)                    Turns: 1703, Time: 00:00:06

Health: -1/22      AC:  2    Str:  7    XL:     4   Next: 64%
Magic:  5/5        EV: 20    Int: 10    God:
Gold:   76         SH:  0    Dex: 20    Spells: 3/3 levels left

rFire   . . .        a - +0 shortbow
rCold   + . .        (shield currently unavailable)
rNeg    . . .        c - +0 robe
rPois   .            (helmet restricted)
rElec   .            (no cloak)
rCorr   .            (gloves unavailable)
SInv    +            (boots unavailable)
Will    +....        (no amulet)
Stlth   ++           f - ring of protection from cold
HPRegen 0.23/turn    g - ring of willpower
MPRegen 0.09/turn

%: no passive effects
@: very quick
A: very small, no large weapons, unfitting armour, see invisible, speed 3
a: no special abilities


You were on level 3 of the Dungeon.
You visited 1 branch of the dungeon, and saw 3 of its levels.

You collected 76 gold pieces.


Innate Abilities, Weirdness & Mutations

You are very small and have problems with some larger weapons.
You are too small for most types of armour.
You have supernaturally acute eyesight. (SInv)
You cover ground extremely quickly. (Speed+++)


   Skills:
 - Level 1.5 Fighting
 - Level 5.2 Ranged Weapons
 + Level 4.7 Dodging
 - Level 1.5 Stealth


You had 3 spell levels left.
You didn't know any spells.
Your spell library was empty.

Inventory:

Hand Weapons
 a - a +0 shortbow (weapon)
Armour
 c - a +0 robe (worn)
Jewellery
 f - a ring of protection from cold (left hand)
 g - a ring of willpower (right hand)
Potions
 b - a potion of invisibility {unknown}
 d - a potion of curing
 h - a potion of mutation

Dungeon Overview and Level Annotations

Branches:
Dungeon (3/15)

Altars:


Message History

You kill the gnoll!
A giant cockroach comes into view.
You shoot an arrow. The arrow hits the gnoll.
The gnoll is moderately wounded.
You shoot an arrow. The arrow closely misses the gnoll.
The arrow barely misses the adder.
The gnoll hits you from afar with a +0 spear.
A gnoll comes into view. It is wielding a +0 spear.
You shoot an arrow. The arrow closely misses the gnoll.
The gnoll shouts!
The gnoll misses you. The gnoll hits you with a +0 club. x2
The gnoll hits you from afar with a +0 spear.
You shoot an arrow. The arrow barely misses the gnoll.
The giant cockroach barely misses you. The gnoll misses you.
The gnoll barely misses you.
You shoot an arrow. The arrow hits the gnoll!
The gnoll is severely wounded.
The giant cockroach closely misses you. The gnoll closely misses you.
The gnoll hits you from afar with a +0 spear.
The gnoll misses you. The giant cockroach closely misses you.
You shoot an arrow. The arrow hits the gnoll!
You kill the gnoll!
The giant cockroach bites you.
An endoplasm comes into view.
The gnoll completely misses you. The gnoll barely misses you.
You shoot an arrow. The endoplasm quivers.
The arrow hits the giant cockroach but does no damage.
The giant cockroach barely misses you. The gnoll misses you. x2
You shoot an arrow.
The arrow barely misses the giant cockroach.
The arrow hits the gnoll but does no damage.
The giant cockroach bites you but does no damage.
The gnoll hits you from afar with a +0 spear.
The gnoll completely misses you. The giant cockroach misses you.
You shoot an arrow.
The arrow completely misses the giant cockroach.
The arrow closely misses the gnoll.
The gnoll hits you from afar with a +0 spear.
You die...

#...#..#.##............ ..
##....#.##.......####
#...####.#..#.......#
###......#..........#####+##
..####.....##.....#.........
..# ############.#.........
..# #............. ..##
#............. ...#
#.@).......... ...#
##B...#......# ...#
.g.g#.#?....# ####
....#S#.#....#
....#.#.#.#...
....#J#.#.#.#. ....# #.# #.#
....# #. #.


You could see 2 gnolls, an adder, an endoplasm and a giant cockroach.

Vanquished Creatures
  Jessica (D:2)
  2 gnolls (D:3)
  An adder (D:2)
  2 dart slugs (D:1)
  7 bats
  7 endoplasms
  6 giant cockroaches
  5 goblins
  2 hobgoblins (D:1)
  4 jackals (D:1)
  A quokka (D:2)
  7 ball pythons
  3 frilled lizards
  2 kobolds
  2 rats (D:2)
52 creatures vanquished.

Notes
Turn   | Place    | Note
-------+----------+-------------------------------------------
     0 | D:1      | qw the Spriggan Hunter began the quest for the Orb.
     0 | D:1      | Reached XP level 1. HP: 10/10 MP: 2/2
     0 | D:1      | 0 ||| qw: Version: 0.3-a-155-g5e7d8dd
     0 | D:1      | 0 ||| qw: Game counter: 3376
     0 | D:1      | 0 ||| qw: Melee chars always use a shield: true
     0 | D:1      | 0 ||| qw: God list: Okawaru
     0 | D:1      | 0 ||| qw: Allow faded altars: false
     0 | D:1      | 0 ||| qw: Do Orc after clearing Dungeon:15 true
     0 | D:1      | 0 ||| qw: Do second Lair branch before Depths: true
     0 | D:1      | 0 ||| qw: Lair rune preference: random
     0 | D:1      | 0 ||| qw: Goals: Normal
     0 | D:1      | 0 ||| PLANNING D:1-11
    42 | D:1      | Reached skill level 3 in Dodging
    71 | D:1      | Reached XP level 2. HP: 12/14 MP: 3/3
   112 | D:1      | Found a faded altar of an unknown god.
   635 | D:1      | Reached XP level 3. HP: 18/18 MP: 4/4
   899 | D:1      | 899 ||| UPGRADING to ring of protection from cold.
   900 | D:1      | 900 ||| UPGRADING to ring of willpower.
   901 | D:1      | 901 ||| READING scroll labelled MAISEHYLUU.
   902 | D:1      | 902 ||| READING scroll labelled SARERU MOQA.
   903 | D:1      | 903 ||| READING scroll labelled MIBRASSO WACWEYZ.
   904 | D:1      | 904 ||| READING scroll labelled NALLEU HUIN.
  1005 | D:1      | 1005 ||| READING scroll labelled KUUSOH UHYFEODD.
  1040 | D:1      | 1040 ||| DROPPING scroll of butterflies.
  1378 | D:2      | Noticed Jessica
  1379 | D:2      | Killed Jessica
  1380 | D:2      | Reached skill level 5 in Ranged Weapons
  1380 | D:2      | Reached XP level 4. HP: 22/22 MP: 5/5
  1569 | D:2      | 1569 ||| DROPPING +6 ring of intelligence.
  1570 | D:2      | 1570 ||| READING scroll labelled KAONUK LUUH.
  1575 | D:2      | 1575 ||| READING scroll labelled BAATEF GU TEER.
  1575 | D:2      | 1575 ||| IDENTIFYING red potion
  1576 | D:2      | 1576 ||| READING scroll labelled WENAZUE CUHOI.
  1577 | D:2      | 1577 ||| DRINKING 2 murky white potions.
  1702 | D:3      | HP: 5/22 [gnoll/+0 spear (2)]
  1703 | D:3      | Slain by a gnoll

Levels and vault maps discovered:
D:1:      dpeg_chamrin_arrival_tetris, layout_basic,
          dreamdust_ecumenical_altar_angels_and_demons, serial_rivers,
          chequers_serial_rivers_micro_a, chequers_serial_rivers_marsh,
          chequers_serial_rivers_small_a, chequers_serial_rivers_large_a,
          chequers_serial_rivers_marsh, chequers_serial_rivers_room_b
D:2:      layout_rooms, minivault_23, st_stairs_14, hex_tiny,
          nicolae_figureground_sparkle, uniq_jessica
D:3:      minmay_evil_eye, layout_basic, minmay_stone_trees_small,
          nicolae_the_louvre

Skill      XL: |  1  2  3 |
---------------+----------+-----
Dodging        | 3 4 |  4.7
Ranged Weapons | 5 |  5.2
Fighting       | |  1.5
Stealth        | |  1.5

Action                     |  1- 3 |  4- 6 || total
---------------------------+-------+-------++-------
   Fire: Shortbow          |    96 |    32 ||   128
    Use: Scroll            |     5 |     3 ||     8
         Potion            |       |     1 ||     1
 Armour: Robe              |    11 |     9 ||    20
  Dodge: Dodged            |    35 |    15 ||    50

Table legend:
 A = Non-vault XP
 B = Vault XP
 C = Vault XP percentage of total XP
 D = Non-vault monster count
 E = Vault monster count
 F = Vault count percentage of total count
                 A         B        C        D         E       F
            +---------+---------+-------+---------+---------+-------
      Total |     120 |      41 |  25.5 |      49 |       3 |   5.8
            +---------+---------+-------+---------+---------+-------
        D:1 |      43 |       0 |   0.0 |      23 |       0 |   0.0
        D:2 |      43 |      39 |  47.6 |      20 |       2 |   9.1
        D:3 |      34 |       2 |   5.6 |       6 |       1 |  14.3
            +---------+---------+-------+---------+---------+-------
